 Dungeon Crawl Stone Soup version 0.14-a0-1761-gdbd231b (webtiles) character file.

498 Psiweapon the Ruffian (level 6, -7/39 HPs)
             Began as a Gargoyle Monk on Jan 4, 2014.
             Mangled by Menkaure (21 damage)
             ... on Level 4 of the Dungeon.
             The game lasted 00:19:43 (4834 turns).

Psiweapon the Ruffian (Gargoyle Monk)               Turns: 4834, Time: 00:19:44

HP  -7/39        AC  7     Str 15      XL: 6   Next: 33%
MP   6/6         EV 12     Int 11      God:
Gold 206         SH  0     Dex 13      Spells:  0 memorised,  5 levels left

rFire  . . .     SeeInvis .       - Unarmed
rCold  . . .     Clarity  .     e - +0 leather armour
rNeg   + . .     Conserve .     (no shield)
rPois  +         rCorr    .     (no helmet)
rElec  +         rRot     +     (no cloak)
SustAb . .       Spirit   .     (no gloves)
rMut   .         Warding  .     (no boots)
Saprov . . .     Stasis   .     (no amulet)
                                (no ring)
                                (no ring)

@: slightly resistant to hostile enchantments, fairly stealthy
A: life protection 1, electricity resistance, unbreathing, petrification
resistance, AC +4
a: no special abilities


You were on level 4 of the Dungeon.
You were not hungry.

You visited 1 branch of the dungeon, and saw 6 of its levels.

You collected 206 gold pieces.

Inventory:

Hand weapons
 c - a +2,+2 whip of freezing
Missiles
 D - 3 tomahawks of returning
 G - 5 tomahawks (quivered)
Armour
 a - a +0 robe
 e - a +0 leather armour (worn)
Comestibles
 b - 4 bread rations
 g - 13 strawberries
 k - a lemon
 m - 2 meat rations
 n - a pear
 u - a choko
 B - 16 sultanas
 E - a slice of pizza
Scrolls
 d - 2 scrolls of fog {unknown}
 f - 3 scrolls of fear {unknown}
 j - a scroll of identify {unknown}
 l - a scroll of noise {unknown}
 o - 2 scrolls of curse armour {unknown}
 p - 7 scrolls of remove curse {unknown}
 s - 2 scrolls of enchant weapon I {unknown}
 t - 3 scrolls of magic mapping {unknown}
 v - a scroll of random uselessness {unknown}
 w - 4 scrolls of teleportation {unknown}
 y - a scroll of enchant weapon II {unknown}
Jewellery
 q - a +3 ring of dexterity {unknown}
Potions
 h - a potion of brilliance
 r - a potion of porridge
 x - a potion of agility {unknown}
 A - a potion of magic {unknown}
 F - a potion of speed {unknown}


   Skills:
 + Level 4.5 Fighting
 + Level 2.6 Armour
 + Level 3.2 Dodging
 + Level 3.9 Stealth
 + Level 5.3 Unarmed Combat


You had 5 spell levels left.
You didn't know any spells.

Dungeon Overview and Level Annotations

Branches:
Dungeon (6/16)
 Temple: D:4-7

Altars:
Ashenzari
Okawaru
Yredelemnul

Annotations:
D:2 exclusion: door
D:4 Menkaure


Innate Abilities, Weirdness & Mutations

You are resistant to torment.
You are immune to poison.
Your stone body is very resilient (AC +4).
You resist negative energy.
You are resistant to electric shocks.
You can survive without breathing.
You are immune to petrification.


Message History

Menkaure closely misses you.
Drink which item? (? for menu, Esc to quit)
You feel better. Menkaure misses you.
You hit Menkaure but do no damage.
Menkaure is heavily damaged.
Menkaure hits you but does no damage.
You hit Menkaure but do no damage.
Menkaure is heavily damaged.
Menkaure calls on the powers of darkness!
The worm convulses!
Your body is wracked with pain!
The hobgoblin convulses!
You hit Menkaure but do no damage.
Menkaure is heavily damaged.
Menkaure casts a spell at you. Pain shoots through your body!
A giant mite comes into view.
You hit Menkaure but do no damage.
Menkaure is heavily damaged.
Menkaure hits you!
Ouch! That really hurt!
You die...

#<# ##.# #.# #.# ###.####
#.# #......# ##'#
#......# ##... . #.#.##.#
##.... ...## #....#.#
##.....
.......###......###......
.s...g..@Mw/....$.'......
...#######......###......
.......# ##.....
#...##### ##.... #...#
##... ##$## ##'# #.# #.#
#.# #.# #.# ##.#


You could see a worm, Menkaure, a giant mite and a hobgoblin.

Vanquished Creatures
  A phantom (D:4)
  A worker ant (D:4)
  5 adders
  An inept feature mimic (D:3)
  4 worms
  4 giant geckos
  An ooze (D:2)
  7 orcs
  A ball python (D:4)
  13 hobgoblins
  7 jackals
  2 quokkas
  11 bats
  A giant newt (D:2)
  11 goblins
  9 kobolds
  An orc zombie (D:4)
  3 rats
  A spectral orc (D:2)
84 creatures vanquished.

Notes
Turn   | Place    | Note
--------------------------------------------------------------
     0 | D:1      | Psiweapon, the Gargoyle Monk, began the quest for the Orb.
     0 | D:1      | Reached XP level 1. HP: 14/14 MP: 1/1
   147 | D:1      | Reached XP level 2. HP: 6/19 MP: 2/2
   988 | D:1      | Reached XP level 3. HP: 23/23 MP: 3/3
  1792 | D:3      | Reached skill level 1 in Armour
  2285 | D:2      | Reached XP level 4. HP: 29/29 MP: 4/4
  2336 | D:2      | Found a basalt altar of Yredelemnul.
  2544 | D:2      | Found a shattered altar of Ashenzari.
  2893 | D:3      | Found an iron altar of Okawaru.
  3096 | D:3      | Reached skill level 5 in Unarmed Combat
  3594 | D:3      | Reached XP level 5. HP: 33/33 MP: 5/5
  4107 | D:5      | Entered Level 5 of the Dungeon
  4133 | D:6      | Noticed an orc warrior
  4309 | D:4      | Noticed a phantom
  4397 | D:4      | Killed a phantom
  4397 | D:4      | Reached XP level 6. HP: 11/39 MP: 6/6
  4807 | D:4      | Noticed Menkaure
  4834 | D:4      | Mangled by Menkaure

Action                   |  1- 3 |  4- 6 || total
-------------------------+-------+-------++-------
Melee: Unarmed           |   160 |   247 ||   407
Throw: Tomahawk          |       |    41 ||    41
  Use: Potion            |       |     4 ||     4
 Stab: Sleeping          |     4 |     5 ||     9
       Distracted        |     1 |       ||     1
